 Dungeon Crawl Stone Soup version 0.16-b1 (webtiles) character file.

730 Kasaris the Cleaver (level 7, -2/66 HPs)
             Began as a Hill Orc Fighter on Mar 15, 2015.
             Killed from afar by Natasha (5 damage)
             ... with a wand of magic darts
             ... on level 5 of the Dungeon.
             The game lasted 00:40:58 (3148 turns).

Kasaris the Cleaver (Hill Orc Fighter)              Turns: 3148, Time: 00:40:59

Health: -2/66      AC: 10    Str: 21    XL:     7   Next: 73%
Magic:  7/7        EV:  5    Int:  8    God:
Gold:   218        SH:  9    Dex: 10    Spells: 0 memorised, 6 levels left

rFire  . . .     SeeInvis .     l - +0 hand axe (elec)
rCold  . . .     Clarity  .     n - +0 chain mail
rNeg   . . .     SustAb   .     c - +0 shield
rPois  .         Gourm    .     u - +0 helmet
rElec  .         Spirit   .     (no cloak)
rCorr  .         Warding  .     (no gloves)
rMut   .         Rnd*Tele +     (no boots)
MR     .....                    i - amulet of faith
Stlth  ..........               p - ring of loudness (curse)
                                w - ring of teleportation (curse)

@: not resistant to hostile enchantments, extremely unstealthy
A: no striking features
a: Evoke Teleportation


You were on level 5 of the Dungeon.
You were not hungry.

You visited 1 branch of the dungeon, and saw 5 of its levels.

You collected 218 gold pieces.

Inventory:

Hand weapons
 a - a +0 war axe
 l - a +0 hand axe of electrocution (weapon)
Missiles
 g - 5 exploding sling bullets
 t - a tomahawk of returning (quivered)
Armour
 c - a +0 shield (worn)
 n - a +0 chain mail (worn)
 u - a +0 helmet (worn)
 v - a +2 leather armour of positive energy
 y - the +1 leather armour "Diahog" {rElec rN+ MR+ Int+5 Dex-3}
   (You found it on level 4 of the Dungeon)

   It affects your intelligence (+5).
   It affects your dexterity (-3).
   It insulates you from electricity.
   It protects you from negative energy.
   It affects your resistance to hostile enchantments.
Jewellery
 f - an uncursed ring of flight
 i - an amulet of faith (around neck)
 k - an uncursed ring of flight
 p - a cursed ring of loudness (right hand)
 r - an uncursed ring of see invisible
 w - a cursed ring of teleportation (left hand)
 x - a +5 ring of evasion {unknown}
Magical devices
 s - a wand of draining (10)
Scrolls
 b - a scroll of remove curse {unknown}
 m - a scroll of blinking {unknown}
 o - 5 scrolls of identify
 A - 2 scrolls of recharging
Potions
 e - 2 potions of might
 h - a potion of poison {unknown}
 j - a potion of cure mutation {unknown}
 q - 2 potions of curing
Comestibles
 d - 2 meat rations
 z - 2 bread rations


   Skills:
 + Level 7.0 Fighting
 * Level 9.0 Axes
 - Level 3.2 Armour
 - Level 3.2 Shields


You had 6 spell levels left.
You didn't know any spells.

Dungeon Overview and Level Annotations

Branches:
Dungeon (5/15)
 Temple: D:4-7

Altars:
Dithmenos
Fedhas
Gozag

Annotations:
D:5 Natasha


Message History

Natasha zaps a wand.
The magic dart hits you!
* * * LOW HITPOINT WARNING * * *
A jackal comes into view.
The jackal barks!
You block the bat's attack. The adder bites you.
* * * LOW HITPOINT WARNING * * *
You block the bat's attack. The bat hits you but does no damage.
You block the adder's attack. The adder bites you but does no damage.
A jackal comes into view.
The bat hits you but does no damage. You block the adder's attack.
The bat hits you but does no damage. You block the jackal's attack.
A kobold comes into view.
The adder bites you.
* * * LOW HITPOINT WARNING * * *
The bat barely misses you.
A jackal comes into view.
Your surroundings suddenly seem different.
Natasha zaps a wand.
The magic dart hits you!
You die...

##........
####......... #
.........<.#.. #.
###..........
#.#########..#.......
#............####.##.
#..>.......#.# .#
#..........#.# .#
#...@...b$##S####.###
#...........h..h.....
#.......(.#.S........
#.........h..........
#....................
#...............h..K.
#..<................
#.#######.#.........
#.#.........


You could see Natasha, a jackal and a bat.

Vanquished Creatures
  The ghost of Medar the Cutter, an average KoSk (D:4)
  An ogre (D:5)
  5 orc priests
  A hound (D:4)
  A centaur skeleton (D:4)
  Natasha (D:5)
  An iguana (D:4)
  3 worker ants
  Terence (D:2)
  Robin (D:2)
  3 adders
  4 gnolls (D:3)
  An adder skeleton (D:4)
  4 giant geckos
  12 orcs
  A ball python (D:3)
  7 bats
  A bat skeleton (D:4)
  15 hobgoblins
  7 jackals
  4 kobolds
  3 giant cockroaches
  3 giant newts
  19 goblins
  6 rats
106 creatures vanquished.

Notes
Turn   | Place    | Note
--------------------------------------------------------------
     0 | D:1      | Kasaris, the Hill Orc Fighter, began the quest for the Orb.
     0 | D:1      | Reached XP level 1. HP: 19/19 MP: 1/1
   196 | D:1      | Reached skill level 4 in Fighting
   196 | D:1      | Reached XP level 2. HP: 14/27 MP: 2/2
   874 | D:2      | Noticed Terence
   889 | D:2      | Killed Terence
   889 | D:2      | Reached XP level 3. HP: 27/34 MP: 3/3
  1091 | D:2      | Found an opulent altar of Gozag.
  1248 | D:2      | Noticed Robin
  1318 | D:2      | Killed Robin
  1318 | D:2      | Reached XP level 4. HP: 41/41 MP: 4/4
  1713 | D:3      | Reached skill level 5 in Axes
  1730 | D:3      | Reached skill level 5 in Fighting
  1768 | D:3      | Found a blossoming altar of Fedhas.
  2092 | D:3      | Reached XP level 5. HP: 48/48 MP: 5/5
  2254 | D:4      | Found a shadowy altar of Dithmenos.
  2283 | D:4      | Reached skill level 6 in Axes
  2398 | D:4      | Reached XP level 6. HP: 43/56 MP: 6/6
  2409 | D:4      | Noticed Medar's ghost (average KoSk)
  2425 | D:4      | Got a blackened leather armour
  2475 | D:4      | HP: 1/56 [orc priest/divine providence (8)]
  2732 | D:4      | Killed Medar's ghost
  2732 | D:4      | Reached skill level 7 in Axes
  2839 | D:4      | Identified the +1 leather armour "Diahog" {rElec rN+ MR+ Int+5 Dex-3} (You found it on level 4 of the Dungeon)
  2890 | D:4      | Reached XP level 7. HP: 43/64 MP: 7/7
  2896 | D:4      | Reached skill level 8 in Axes
  2954 | D:5      | Entered Level 5 of the Dungeon
  2992 | D:5      | Noticed Natasha
  2995 | D:5      | Killed Natasha
  3092 | D:5      | Noticed Natasha
  3121 | D:5      | Reached skill level 9 in Axes
  3140 | D:5      | HP: 3/66 [Natasha/wand of magic darts (6)]
  3146 | D:5      | HP: 3/66 [adder (1)]
  3148 | D:5      | Killed from afar by Natasha

Action                   |  1- 3 |  4- 6 |  7- 9 || total
-------------------------+-------+-------+-------++-------
Melee: War axe           |   142 |   200 |     6 ||   348
       Hand axe          |       |       |    40 ||    40
Throw: Tomahawk          |       |       |     5 ||     5
Evoke: Wand              |       |     1 |       ||     1
  Use: Scroll            |       |     8 |     1 ||     9
       Potion            |       |     2 |       ||     2
  Eat: Chunk             |     1 |     4 |       ||     5
       Bread ration      |       |     1 |       ||     1
